 Dungeon Crawl Stone Soup version 0.29-a0-330-g52719c12eb (webtiles) character file.

Game seed: 5612648667849807944

257 momodddd the Poker (level 5, 0/41 HPs)
             Began as a Demonspawn Gladiator on Apr 19, 2022.
             Was a Believer of Qazlal.
             Succumbed to Jessica's poison
             ... on level 3 of the Dungeon.
             The game lasted 00:05:42 (2593 turns).

momodddd the Poker (Demonspawn Gladiator)           Turns: 2593, Time: 00:05:43

Health: 0/41       AC:  4    Str: 16    XL:     5   Next: 93%
Magic:  7/7        EV: 12    Int: 12    God:    Qazlal [**....]
Gold:   116        SH:  6    Dex: 14    Spells: 4/4 levels left

rFire   + . .      SeeInvis .   t - +9 hand axe of Yniseowk {vorpal, rPois rF+ rC- rN+++}
rCold   x . .      Faith    .   (no shield)
rNeg    + + +      Spirit   .   b - +0 leather armour
rPois   +          Reflect  .   c - +0 helmet
rElec   .          Harm     .   (no cloak)
rCorr   .          Rampage  .   (no gloves)
Will    .....      Clarity  +   (no boots)
Stlth   +.........              (no amulet)
HPRegen 0.13/turn               (no ring)
MPRegen 0.10/turn               (no ring)

@: lethally poisoned (0 -> -2)
A: claws 2, condensation shield, clarity, clever 1, sense surroundings 1
a: Renounce Religion, Upheaval


You were on level 3 of the Dungeon.
You worshipped Qazlal.
Qazlal was pleased with you.
You visited 1 branch of the dungeon, and saw 3 of its levels.

You collected 116 gold pieces.

Inventory:

Hand Weapons
 a - a +0 trident
 t - the +9 hand axe of Yniseowk (weapon) {vorpal, rPois rF+ rC- rN+++}
   (You found it on level 3 of the Dungeon)

   It inflicts extra damage upon your enemies.
   rF:        It protects you from fire.
   rC:        It makes you vulnerable to cold.
   rPois:     It protects you from poison.
   rN:        It renders you almost immune to negative energy.
 u - a +2 dagger of venom
Missiles
 d - 2 throwing nets (quivered)
 e - a javelin
 l - 3 silver javelins
Armour
 b - a +0 leather armour (worn)
 c - a +0 helmet (worn)
 q - a +0 buckler
Scrolls
 g - 2 scrolls of vulnerability {unknown}
 i - a scroll of amnesia {unknown}
 j - a scroll of magic mapping {unknown}
 k - 3 scrolls of identify {unknown}
 s - a scroll of noise {unknown}
Potions
 f - a potion of might {unknown}
 h - a potion of brilliance {unknown}
 m - a potion of curing {unknown}
 n - a potion of mutation
 o - a potion of degeneration {unknown}
 p - a potion of berserk rage {unknown}
 r - 2 potions of lignification {unknown}


   Skills:
 + Level 3.5 Fighting
 * Level 4.7 Polearms
 - Level 1.7 Throwing
 - Level 2.8 Dodging
 + Level 3.2 Invocations


You had 4 spell levels left.
You didn't know any spells.
Your spell library was empty.

Dungeon Overview and Level Annotations

Branches:
Dungeon (3/15)

Altars:
Hepliaklqana
Nemelex Xobeh
Qazlal


Innate Abilities, Weirdness & Mutations

You have very sharp fingernails.
A meltable shield of frost defends you. (SH +4)
You possess an exceptional clarity of mind.
Your mind is acute. (Int +2)
You passively map a small area around you.


Message History

Jessica hits you with a +2 dagger of venom.
You barely miss Jessica.
Jessica is severely wounded.
You feel very sick.
Jessica hits you with a +2 dagger of venom.
You are lethally poisoned!
You puncture Jessica!
You kill Jessica!
Qazlal accepts your kill.
You feel very sick.
* * * LOW HITPOINT WARNING * * *
You feel very sick.
Things that are here:
a +2 dagger of venom; a +0 robe; 9 gold pieces
* * * LOW HITPOINT WARNING * * *
You feel very sick.
* * * LOW HITPOINT WARNING * * *
You feel sick.
Things that are here:
a +2 dagger of venom; a +0 robe; 9 gold pieces
u - a +2 dagger of venom You now have 116 gold pieces (gained 9).
* * * LOW HITPOINT WARNING * * *
You feel sick.
You don't know any spells.
t - the +9 hand axe of Yniseowk (weapon)
{vorpal, rPois rF+ rC- rN+++}
* * * LOW HITPOINT WARNING * * *
You feel sick.
* * * LOW HITPOINT WARNING * * *
You feel sick.
* * * LOW HITPOINT WARNING * * *
You feel sick.
You see here a +0 robe.
* * * LOW HITPOINT WARNING * * *
You feel sick.
Okay, then.
It was a potion of mutation.
You feel extremely strange.
You feel a strange attunement to the structure of the dungeons.
Your thoughts seem clearer.
You feel clever.
You die...

### ####.#####.##
#...)....#.. , , ,
#.##.....#.#* * *
#.##.###.#.##
#####.#...##....# *
#...#.#...##.#..######
####...#.#...##.#........
*
.......'........@[....>..
###....#.#...##.#........
..#....#.#...##.#......##
..#....#.#...##.#......#
..#....#.#...##.#......#
..#.####.#...##.#......#
*
.............##.#..#.....
,
....#..#.#....#+#..#.....
, ...#.....# ^


There were no monsters in sight!

Vanquished Creatures
  Sigmund (D:3)
  Jessica (D:3)
  An adder (D:2)
  A worm (D:3)
  A dart slug (D:3)
  4 endoplasms
  5 giant cockroaches
  A goblin (D:2)
  3 hobgoblins
  4 jackals (D:1)
  6 kobolds
  5 quokkas
  7 ball pythons
  7 bats
  4 frilled lizards (D:2)
  3 rats
54 creatures vanquished.

Notes
Turn   | Place    | Note
-------+----------+-------------------------------------------
     0 | D:1      | momodddd the Demonspawn Gladiator began the quest for the
                  | Orb.
     0 | D:1      | Reached XP level 1. HP: 16/16 MP: 1/1
   267 | D:1      | Reached skill level 3 in Polearms
   311 | D:1      | Gained mutation: A meltable shield of frost defends you.
                  | (SH +4) [demonic ancestry]
   311 | D:1      | Reached XP level 2. HP: 22/22 MP: 2/2
   380 | D:1      | Found a faded altar of an unknown god.
   398 | D:1      | Prayed at the altar of an unknown god.
   398 | D:1      | Became a worshipper of Qazlal Stormbringer
   398 | D:1      | Reached * piety under Qazlal
  1518 | D:2      | Gained mutation: You have sharp fingernails. [demonic
                  | ancestry]
  1518 | D:2      | Reached XP level 3. HP: 28/28 MP: 3/3
  1575 | D:2      | Reached skill level 1 in Invocations
  2027 | D:3      | Found a hazy altar of Hepliaklqana.
  2298 | D:3      | Found a sparkling altar of Nemelex Xobeh.
  2335 | D:3      | Reached ** piety under Qazlal
  2410 | D:3      | Noticed Sigmund
  2419 | D:3      | Killed Sigmund
  2420 | D:3      | Reached skill level 4 in Polearms
  2420 | D:3      | Reached XP level 4. HP: 35/35 MP: 4/6
  2420 | D:3      | Gained mutation: You have very sharp fingernails. [demonic
                  | ancestry]
  2420 | D:3      | Reached XP level 5. HP: 41/41 MP: 4/7
  2549 | D:3      | Identified the +9 hand axe of Yniseowk {vorpal, rPois rF+
                  | rC- rN+++}
  2571 | D:3      | Noticed Jessica
  2584 | D:3      | Killed Jessica
  2590 | D:3      | HP: 2/41 [poisoned by Jessica]
  2593 | D:3      | Gained mutation: You passively map a small area around you.
                  | [potion of mutation]
  2593 | D:3      | Gained mutation: You possess an exceptional clarity of
                  | mind. [potion of mutation]
  2593 | D:3      | Gained mutation: Your mind is acute. (Int +2) [potion of
                  | mutation]
  2593 | D:3      | Succumbed to Jessica's poison

Illustrated notes

Levels and vault maps discovered:
D:1:      eino_arrival_tree_alley, layout_loops_ring,
          ebering_ecumenical_altar_petrified, dk_noncrumbling_2,
          minmay_hedge_maze, chequers_serial_rivers_small_b,
          kennysheep_pointless_box
D:2:      layout_basic
D:3:      layout_basic, nemelex_spade_bored_becter,
          mainiacjoe_overflow_alcove_1, uniq_sigmund, uniq_jessica

Skill      XL: |  1  2  3 |
---------------+----------+-----
Polearms       | 3 4 |  4.7
Invocations    | 3 |  3.2
Fighting       | 3 |  3.5
Throwing       | |  1.7
Dodging        | |  2.8

Action                   |  1- 3 |  4- 6 || total
-------------------------+-------+-------++-------
Melee: Trident           |   165 |     7 ||   172
       Punch             |     2 |       ||     2
Throw: Throwing net      |     1 |       ||     1
  Use: Potion            |       |     1 ||     1
 Stab: Sleeping          |     3 |       ||     3
Armor: Leather armour    |    29 |       ||    29
Dodge: Dodged            |    79 |       ||    79
Block: Other             |    26 |       ||    26

Table legend: (Time is in decaauts)
 A = Elapsed time spent in this place.
 B = Non-inter-level travel time spent in this place.
 C = Inter-level travel time spent in this place.
 D = Time resting spent in this place.
 E = Time spent auto-exploring this place.
 F = Levels seen in this place.
 G = Mean time per level.
                   A        B        C        D        E       F      G
               +--------+--------+--------+--------+--------+-----+--------+
         Total |   2619 |   2591 |     28 |      3 |   2164 |   3 |  873.0 |
       Dungeon |   2619 |   2591 |     28 |      3 |   2164 |   3 |  873.0 |
               +--------+--------+--------+--------+--------+-----+--------+

Top non-repeatable levels by time:
     D:1: 1337 daAuts
     D:2: 663 daAuts
     D:3: 618 daAuts
